 Dungeon Crawl Stone Soup version 0.31-a0-233-g139696dc86 (webtiles) character file.

Game seed: 17566366943069032410

532 qw the Shooter (level 7, 0/59 HPs)
             Began as a Minotaur Hexslinger on July 9, 2023.
             Was an Initiate of Okawaru.
             Slain by Pikel
             ... wielding a +0 whip of flaming
              (10 damage)
             ... on level 5 of the Dungeon.
             The game lasted 00:01:19 (3758 turns).

qw the Shooter (Minotaur Hexslinger)                Turns: 3758, Time: 00:01:20

Health: 0/59       AC:  3    Str: 12    XL:     7   Next: 3%
Magic:  7/7        EV: 13    Int: 10    God:    Okawaru [......]
Gold:   4          SH:  0    Dex: 17    Spells: 7/8 levels left

rFire   . . .        Y - +3 sling
rCold   . . .        (no shield)
rNeg    . . .        d - +0 robe "Walangah" {Dex+2}
rPois   .            (helmet restricted)
rElec   .            (no cloak)
rCorr   .            b - +0 pair of gloves
SInv    +            (no boots)
Will    .....        (no amulet)
Stlth   ++           i - +4 ring of slaying {mikee}
HPRegen 0.29/turn    f - ring of see invisible
MPRegen 0.10/turn

%: no passive effects
@: no status effects
A: horns 2, retaliatory headbutt
a: Renounce Religion


You were on level 5 of the Dungeon.
You worshipped Okawaru.
Okawaru was noncommittal.
You visited 2 branches of the dungeon, and saw 6 of its levels.

You collected 206 gold pieces.
You spent 202 gold pieces at shops.


Innate Abilities, Weirdness & Mutations

You have a pair of horns on your head.
You reflexively headbutt those who attack you in melee.


   Skills:
 - Level 4.0 Fighting
 - Level 7.4 Ranged Weapons
 + Level 2.8 Dodging
 - Level 1.0 Spellcasting
 - Level 2.0 Hexes


You had 7 spell levels left.
You knew the following spells:

 Your Spells              Type           Power      Damage    Failure   Level
a - Slow                  Hex            16%        N/A       16%         1

Your spell library contained the following spells:

 Spells                   Type           Power      Damage    Failure   Level
 Inner Flame              Hex/Fire       2%         N/A       56%         3
 Portal Projectile        Hex/Tloc       4%         N/A       56%         3
 Cause Fear               Hex            2%         N/A       83%         4

Inventory:

Hand Weapons
 Y - a +3 sling (weapon)
Armour
 b - a +0 pair of gloves (worn)
 d - the +0 robe "Walangah" (worn) {Dex+2}
   (You found it on level 3 of the Dungeon)

   Dex:       It affects your dexterity (+2).
Jewellery
 f - a ring of see invisible (right hand)
 i - a +4 ring of slaying (left hand) {mikee}
 k - a ring of resist corrosion
Scrolls
 g - 3 scrolls of identify
Potions
 c - a potion of cancellation
 e - 4 potions of might
 h - a potion of haste

Dungeon Overview and Level Annotations

Branches:
Dungeon (5/15)             Temple (1/1) D:5

Altars:
Cheibriados
Elyvilon
Fedhas
Gozag
Hepliaklqana
Kikubaaqudgha
Makhleb
Nemelex Xobeh
Okawaru
Qazlal
Ru
Sif Muna
Trog
Uskayaw
Vehumet
Wu Jian
Xom
Yredelemnul
Zin
The Shining One

Shops:
D:4 ?==!

Annotations:
D:5 Pikel


Message History

Pikel burns you.
You shoot a sling bullet. The sling bullet hits Pikel!
Pikel is heavily wounded.
The orc barely misses you.
Pikel hits you with a +0 whip of flaming.
Pikel burns you.
You shoot a sling bullet. The sling bullet closely misses Pikel.
The sling bullet closely misses the orc.
The sling bullet hits the lemure.
The lemure is lightly wounded.
The orc hits you from afar with a +3 trident.
Pikel barely misses you.
You shoot a sling bullet. The sling bullet hits Pikel!
Pikel is severely wounded.
The orc hits you from afar with a +3 trident!
Pikel misses you.
You shoot a sling bullet. The sling bullet closely misses Pikel.
The sling bullet hits the orc.
You kill the orc!
Okawaru accepts your kill.
Pikel says, "You'll make a fine lemure."
Pikel barely misses you.
You shoot a sling bullet. The sling bullet closely misses Pikel.
The sling bullet hits the lemure.
The lemure is severely wounded.
Pikel barely misses you.
You shoot a sling bullet. The sling bullet hits Pikel.
Pikel is almost dead.
Pikel hits you with a +0 whip of flaming.
Pikel burns you.
You shoot a sling bullet. The sling bullet barely misses Pikel.
The sling bullet hits the lemure!
You kill the lemure!
That felt strangely unrewarding.
Pikel hits you with a +0 whip of flaming.
Pikel burns you.
You shoot a sling bullet. The sling bullet hits Pikel.
Pikel is almost dead.
Pikel hits you with a +0 whip of flaming!
You die... .......# ../...### .......# ......# ..5.. 5s5

### # ##K##..... #
####### #.@)..#
#####8...8#####.##..#
#...#.....#...#.#
....
..}....>....}...#
##.#
#...#.....#...### #
#####8...8########.
.[..#######........
####'#.#...########
#..........# #####


You could see Pikel, 3 lemures and a scorpion.

Vanquished Creatures
  An ogre (D:5)
  A lemure (D:5)
  A phantom (D:4)
  A scorpion (D:4)
  3 hounds
  An orc wizard (D:5)
  3 gnolls (D:4)
  10 adders
  A white imp (D:5)
  2 worms (D:4)
  7 orcs (D:5)
  10 ball pythons
  5 endoplasms
  3 giant cockroaches
  6 goblins
  7 hobgoblins
  3 kobolds
  3 quokkas
  4 bats (D:1)
  4 frilled lizards
  3 rats
79 creatures vanquished.

Notes
Turn   | Place    | Note
-------+----------+-------------------------------------------
     0 | D:1      | qw the Minotaur Hexslinger began the quest for the Orb.
     0 | D:1      | Reached XP level 1. HP: 16/16 MP: 1/1
     0 | D:1      | 0 ||| qw: Version: 0.3-a-51-g015441d
     0 | D:1      | 0 ||| qw: Game counter: 3967
     0 | D:1      | 0 ||| qw: Melee chars always use a shield: true
     0 | D:1      | 0 ||| qw: God list: Okawaru
     0 | D:1      | 0 ||| qw: Allow faded altars: false
     0 | D:1      | 0 ||| qw: Do Orc after clearing Dungeon:15 true
     0 | D:1      | 0 ||| qw: Do second Lair branch before Depths: true
     0 | D:1      | 0 ||| qw: Lair rune preference: random
     0 | D:1      | 0 ||| qw: Goals: Normal
     0 | D:1      | 0 ||| PLANNING D:1-11
   203 | D:1      | Reached skill level 3 in Ranged Weapons
   203 | D:1      | Reached XP level 2. HP: 23/23 MP: 2/2
   472 | D:1      | 472 ||| UPGRADING to +0 leather armour.
   482 | D:1      | 482 ||| DROPPING +0 robe.
   483 | D:1      | 483 ||| READING 2 scrolls labelled SINUBR IGIRIR.
   484 | D:1      | 484 ||| READING scroll labelled IMIANU JIMNUW.
   485 | D:1      | 485 ||| READING 2 scrolls labelled BORGHO JO DYRI.
   486 | D:1      | 486 ||| DRINKING 2 pink potions.
   487 | D:1      | 487 ||| DROPPING scroll of vulnerability.
   488 | D:1      | 488 ||| DROPPING scroll of poison.
   817 | D:2      | Identified the +5 scale mail "Boal" {rC- Int+3 Dex+3}
   994 | D:2      | Reached XP level 3. HP: 29/29 MP: 3/3
   996 | D:2      | Reached skill level 4 in Ranged Weapons
  1153 | D:2      | 1153 ||| UPGRADING to +0 pair of gloves.
  1158 | D:2      | 1158 ||| READING scroll labelled NODGHI TALIL.
  1159 | D:2      | 1159 ||| READING scroll labelled KANLUEPHAGHO.
  1417 | D:3      | Reached XP level 4. HP: 21/36 MP: 4/4
  1735 | D:3      | Identified the +0 robe "Walangah" {Dex+2}
  1911 | D:3      | Reached skill level 5 in Ranged Weapons
  2200 | D:3      | 2200 ||| UPGRADING to +0 robe "Walangah" {Dex+2}.
  2210 | D:3      | 2210 ||| DROPPING +0 leather armour.
  2211 | D:3      | 2211 ||| UPGRADING to ring of resist corrosion.
  2212 | D:3      | 2212 ||| READING 4 scrolls of identify.
  2212 | D:3      | 2212 ||| IDENTIFYING bubbling purple potion
  2240 | D:4      | Noticed a scorpion
  2246 | D:4      | Killed a scorpion
  2247 | D:4      | Reached skill level 3 in Fighting
  2247 | D:4      | Reached XP level 5. HP: 39/46 MP: 5/5
  2294 | D:4      | Found Zump's Jewellery Shoppe.
  2304 | D:4      | 2304 ||| READING scroll of enchant weapon.
  2304 | D:4      | 2304 ||| ENCHANTING +2 sling.
  2308 | D:4      | 2308 ||| SHOPLISTING +4 ring of protection (504 gold, have
                  | 188).
  2308 | D:4      | 2308 ||| SHOPLISTING +6 ring of strength (504 gold, have
                  | 188).
  2308 | D:4      | 2308 ||| SHOPLISTING amulet of faith (560 gold, have 188).
  2308 | D:4      | 2308 ||| SHOPLISTING ring "Zicuola" {EV+5 Str+2} (660 gold,
                  | have 188).
  2308 | D:4      | 2308 ||| SHOPLISTING ring of fire (350 gold, have 188).
  2308 | D:4      | 2308 ||| SHOPLISTING ring of ice (350 gold, have 188).
  2308 | D:4      | 2308 ||| SHOPLISTING ring of poison resistance (280 gold,
                  | have 188).
  2308 | D:4      | 2308 ||| SHOPLISTING ring of protection from cold (350
                  | gold, have 188).
  2308 | D:4      | 2308 ||| SHOPLISTING ring of resist corrosion (280 gold,
                  | have 188).
  2395 | D:4      | Found Haus's Jewellery Shop.
  2405 | D:4      | 2405 ||| SHOPLISTING +4 ring of slaying (780 gold, have
                  | 199).
  2405 | D:4      | 2405 ||| SHOPLISTING +5 ring of evasion (360 gold, have
                  | 199).
  2405 | D:4      | 2405 ||| SHOPLISTING amulet of faith (400 gold, have 199).
  2405 | D:4      | 2405 ||| SHOPLISTING ring of positive energy (200 gold,
                  | have 199).
  2405 | D:4      | 2405 ||| SHOPLISTING ring of resist corrosion (200 gold,
                  | have 199).
  2405 | D:4      | 2405 ||| BUYING ring of see invisible (150 gold).
  2405 | D:4      | Bought a ring of see invisible for 150 gold pieces
  2417 | D:4      | Found Loxzil's Distillery.
  2466 | D:4      | Noticed a phantom
  2474 | D:4      | Killed a phantom
  2475 | D:4      | Reached skill level 6 in Ranged Weapons
  2475 | D:4      | Reached XP level 6. HP: 34/52 MP: 6/6
  3048 | D:4      | 3048 ||| SHOPLISTING potion of cancellation (104 gold, have
                  | 56).
  3048 | D:4      | 3048 ||| SHOPLISTING potion of heal wounds (65 gold, have
                  | 56).
  3048 | D:4      | 3048 ||| BUYING potion of might (52 gold).
  3048 | D:4      | Bought a potion of might for 52 gold pieces
  3048 | D:4      | 3048 ||| SHOPLISTING potion of mutation (104 gold, have 4).
  3184 | D:4      | Found Irrasmo's Magic Scroll Emporium.
  3187 | D:4      | 3187 ||| SHOPLISTING scroll of identify (24 gold, have 4).
  3187 | D:4      | 3187 ||| SHOPLISTING scroll of teleportation (36 gold, have
                  | 4).
  3227 | D:4      | 3227 ||| UPGRADING to ring of see invisible.
  3228 | D:4      | 3228 ||| UPGRADING to +4 ring of slaying {mikee}.
  3230 | D:4      | 3230 ||| DRINKING 2 cyan potions.
  3259 | D:5      | Entered Level 5 of the Dungeon
  3296 | D:5      | Reached skill level 7 in Ranged Weapons
  3383 | D:5      | Reached XP level 7. HP: 49/59 MP: 7/7
  3491 | D:5      | 3491 ||| FLEEEEING.
  3524 | D:5      | Found a staircase to the Ecumenical Temple.
  3525 | D:5      | 3525 ||| PLANNING TEMPLE
  3525 | D:5      | 3525 ||| READING scroll labelled XEKOFO LAODDAI.
  3526 | D:5      | 3526 ||| READING scroll labelled COKIUB BELLI.
  3535 | Temple   | Entered the Ecumenical Temple
  3545 | Temple   | 3545 ||| PLANNING OKAWARU WORSHIP
  3712 | Temple   | Became a worshipper of Warmaster Okawaru
  3713 | Temple   | 3713 ||| PLANNING D:1-11
  3740 | D:5      | Noticed Pikel
  3749 | D:5      | HP: 13/59 [Pikel/+0 whip of flaming (7)]
  3750 | D:5      | 3750 ||| DRINKING potion of heal wounds.
  3757 | D:5      | HP: 11/59 [Pikel/+0 whip of flaming (4)]
  3758 | D:5      | Slain by Pikel

Levels and vault maps discovered:
D:1:      dpeg_arrival_pond, layout_rooms
D:2:      layout_loops_ring
D:3:      layout_basic, saegor_snake_ambush
D:4:      layout_loops_ring, serial_shops, nicolae_shop_rolled_up, shop,
          nicolae_shop_tiny_waterfront, nicolae_diamond_shop,
          chequers_serial_rivers_room_a, minmay_crossroads
D:5:      minmay_general_purpose_star, layout_basic,
          minmay_temple_entry_antechambers, uniq_pikel
Temple:   nicolae_temple_bog_church

Skill      XL: |  1  2  3  4  5  6 |
---------------+-------------------+-----
Ranged Weapons | 3 4 5 6 7 |  7.4
Fighting       | 2 3 4 |  4.0
Dodging        | |  2.8
Spellcasting   | |  1.0
Hexes          | |  2.0

Action                     |  1- 3 |  4- 6 |  7- 9 || total
---------------------------+-------+-------+-------++-------
   Fire: Sling             |   101 |   144 |    27 ||   272
    Use: Scroll            |     5 |     2 |     2 ||     9
         Potion            |     1 |     1 |     1 ||     3
 Armour: Robe              |     9 |     6 |     1 ||    16
         Leather armour    |    10 |    10 |       ||    20
  Dodge: Dodged            |    30 |    43 |    13 ||    86

Table legend:
 A = Non-vault XP
 B = Vault XP
 C = Vault XP percentage of total XP
 D = Non-vault monster count
 E = Vault monster count
 F = Vault count percentage of total count
                 A         B        C        D         E       F
            +---------+---------+-------+---------+---------+-------
      Total |     609 |     151 |  19.9 |      72 |       6 |   7.7
            +---------+---------+-------+---------+---------+-------
        D:1 |      30 |       0 |   0.0 |      19 |       0 |   0.0
        D:2 |      36 |       0 |   0.0 |       8 |       0 |   0.0
        D:3 |      67 |      44 |  39.6 |      13 |       5 |  27.8
        D:4 |     251 |     107 |  29.9 |      21 |       1 |   4.5
        D:5 |     225 |       0 |   0.0 |      11 |       0 |   0.0
            +---------+---------+-------+---------+---------+-------
